 Dungeon Crawl Stone Soup version 0.25.0-15-gac7dcb8 (webtiles) character file.

Game seed: 11567608593768767949

261 Cheivey the Skirmisher (level 6, -2/66 HPs)
             Began as an Ogre Berserker on June 28, 2020.
             Was a Believer of Trog.
             Slain by an orc
             ... wielding a +0 short sword
              (4 damage)
             ... on level 3 of the Dungeon on June 29, 2020.
             The game lasted 00:03:47 (3137 turns).

Cheivey the Skirmisher (Ogre Berserker)             Turns: 3137, Time: 00:03:48

Health: -2/66      AC:  3    Str: 23    XL:     6   Next: 18%
Magic:  6/6        EV: 11    Int:  8    God:    Trog [**....]
Gold:   206        SH:  0    Dex:  9    Spells: 5/5 levels left

rFire    . . .     SeeInvis .   a - +0 mace
rCold    . . .     Gourm    .   (no shield)
rNeg     . . .     Faith    .   b - +0 animal skin
rPois    .         Spirit   .   (helmet restricted)
rElec    .         Reflect  .   (no cloak)
rCorr    .         Harm     .   (gloves unavailable)
MR       .....                  (boots unavailable)
Stlth    +.........             (no amulet)
HPRegen  0.21/turn              (no ring)
MPRegen  0.10/turn              (no ring)

@: berserk cooldown, slowed, very slow
A: large, unfitting armour, tough skin 1
a: Berserk, Trog's Hand, Renounce Religion


You were on level 3 of the Dungeon.
You worshipped Trog.
Trog was pleased with you.
You were very hungry.

You visited 1 branch of the dungeon, and saw 3 of its levels.

You collected 206 gold pieces.

Inventory:

Hand Weapons
 a - a +0 mace (weapon)
Armour
 b - a +0 animal skin (worn)
Jewellery
 f - an uncursed ring of positive energy {unknown}
Scrolls
 d - 2 scrolls of remove curse {unknown}
 e - a scroll of amnesia {unknown}
 h - 2 scrolls of teleportation {unknown}
 i - a scroll of enchant armour {unknown}
 j - 3 scrolls of identify {unknown}
Potions
 g - a potion of ambrosia {unknown}
 k - a potion of degeneration {unknown}
Comestibles
 c - 7 rations
 l - 2 chunks of flesh


   Skills:
 + Level 5.5 Fighting
 + Level 4.4 Maces & Flails
 + Level 4.0 Dodging
 + Level 0.4 Stealth


You had 5 spell levels left.
You didn't know any spells.
Your spell library was empty.

Dungeon Overview and Level Annotations

Branches:
Dungeon (2/15)

Altars:
Fedhas
Wu Jian
Beogh


Innate Abilities, Weirdness & Mutations

You are too large for most types of armour.
You have tough skin. (AC +1)


Message History

Ironleviathan89's ghost is almost destroyed.
The orc misses you. Ironleviathan89's ghost hits you.
* * * LOW HITPOINT WARNING * * *
x2 The orc hits you with a +0 short sword.
* * * LOW HITPOINT WARNING * * *
Ironleviathan89's ghost misses you.
Okay, then.
Okay, then.
You hit ironleviathan89's ghost.
You destroy ironleviathan89's ghost!
Trog accepts your kill.
Your Maces & Flails skill increases to level 4!
Your Dodging skill increases to level 4!
You have reached level 6!
Your experience leads to an increase in your attributes!
Increase (S)trength, (I)ntelligence, or (D)exterity?
Uppercase letters only, please.
You feel stronger. x2
The orc hits you with a +0 short sword.
You die...

#........#.....'...........
#.._.....'.....#.##########
#.....)..#.....#.#
#.......8#########
#........#%....8########
#........#..##..#......#
#........#..#8..######.#
#........#.o##.. #.#
..........#@#.... #.#
###+#####)'.#...[ ###.#
#.......).#.8._####.#.####
######..'.#...[#......#...
#..#.#....#........).
#..#..##..##.........
#..#..#8..##.........
#..#..##..#......^...
##.#... 8#..........


You could see an orc.

Vanquished Creatures
  The ghost of ironleviathan89 the Covered, an amateur GrFi of Nemelex Xobeh (D:3)
  Terence (D:3)
  3 gnolls (D:2)
  2 adders (D:2)
  An ooze (D:1)
  A worm (D:3)
  A dart slug (D:1)
  A leopard gecko (D:3)
  6 orcs (D:3)
  7 bats
  3 giant cockroaches (D:1)
  8 goblins
  11 hobgoblins
  5 jackals
  A kobold (D:3)
  3 frilled lizards
  5 rats
60 creatures vanquished.

Notes
Turn   | Place    | Note
-------+----------+-------------------------------------------
     0 | D:1      | Cheivey the Ogre Berserker began the quest for the Orb.
     0 | D:1      | Reached XP level 1. HP: 24/24 MP: 1/1
    40 | D:1      | Reached XP level 2. HP: 14/32 MP: 2/2
   626 | D:1      | Reached XP level 3. HP: 25/40 MP: 3/3
   644 | D:1      | Reached ** piety under Trog
  1495 | D:2      | Reached XP level 4. HP: 49/49 MP: 4/4
  1720 | D:2      | Reached skill level 5 in Fighting
  1818 | D:2      | Found a blossoming altar of Fedhas.
  1832 | D:2      | You fall into a shaft and drop 1 floor!
  2887 | D:3      | Found an ornate altar of the Wu Jian Council.
  2887 | D:3      | Noticed Terence
  2890 | D:3      | Found a runed translucent gate.
  2890 | D:3      | Noticed ironleviathan89's ghost (amateur GrFi)
  2895 | D:3      | Identified the +3 dagger "Zaffuliz" {vorpal, Dex+4}
  2895 | D:3      | Identified the +5 chain mail of Entitlement {Int+6}
  2910 | D:3      | Killed Terence
  2910 | D:3      | Reached XP level 5. HP: 21/57 MP: 5/5
  3104 | D:3      | Found a runed translucent gate.
  3105 | D:3      | Found a roughly hewn altar of Beogh.
  3105 | D:3      | Found a runed translucent gate.
  3136 | D:3      | HP: 1/57 [orc/+0 short sword (5)]
  3137 | D:3      | Killed ironleviathan89's ghost
  3137 | D:3      | Reached XP level 6. HP: 1/66 MP: 6/6
  3137 | D:3      | Slain by an orc

Illustrated notes

Levels and vault maps discovered:
D:1:      evilmike_arrival_hilbert_curve, layout_basic, minmay_ruptured
D:2:      layout_basic, first_ration, fedhas_altar_3
D:3:      layout_basic, overflow_temple_1_default, biasface_ghost_orc_armoury,
          minmay_pentomino_pile, uniq_terence

Skill      XL: |  1  2  3  4  5 |
---------------+----------------+-----
Maces & Flails | 3 4 |  4.4
Dodging        | 3 4 |  4.0
Fighting       | 5 |  5.5
Stealth        | |  0.4

Action                   |  1- 3 |  4- 6 || total
-------------------------+-------+-------++-------
Melee: Mace              |    87 |   106 ||   193
Invok: Berserk           |     5 |     3 ||     8
  Use: Potion            |     3 |       ||     3
  Eat: Chunk             |     6 |     5 ||    11
       Ration            |       |     1 ||     1
Armor: Animal skin       |    47 |    24 ||    71
Dodge: Dodged            |   113 |    58 ||   171
